Map: [ESL] Moondance

Players

Kelazhur - Winner!

  • Race: Terran Terran
  • Spawn Location: 12:00

SpeCial

  • Race: Terran Terran
  • Spawn Location: 6:00

Event: DreamHack SC2 Masters 2022 Atlanta (Online)

VOD

Have the link to the VOD?

Description

Time

  • Played on: Oct. 2, 2022, 3:43 p.m.
  • Length: 19:42

All games in this series

Show
View Real Time Build Order
Export as new Build Order

Kelazhur Terran - Winner!

Build Orders:  

Get SALT Encoding   

  12  0:00  SCV  
  13  0:12  SCV  
  14  0:17  Supply Depot  
  14  0:24  SCV  
  15  0:38  SCV  
  15  0:39  Barracks  
  16  0:44  Refinery  
  16  0:50  SCV  
  16  0:52  Refinery  
  17  1:03  SCV  
  18  1:15  SCV  
  19  1:26  Barracks Reactor  
  19  1:27  Orbital Command  
  19  1:28  Supply Depot  
  19  1:45  Factory  
  19  1:50  Supply Depot  
  19  1:53  SCV  
  20  2:02  Reaper x2  
  20  2:05  SCV  
  23  2:17  SCV  
  24  2:30  Hellion  
  24  2:31  SCV  
  24  2:34  Reaper x2  
  29  2:45  Command Center, SCV  
  30  2:52  Hellion  
  32  2:59  Supply Depot  
  32  3:00  SCV  
  33  3:06  Reaper  
  33  3:07  Reaper  
  35  3:15  Starport  
  34  3:21  Hellion  
  34  3:22  SCV  
  34  3:34  SCV  
  34  3:42  Marine x2  
  34  3:43  Factory Tech Lab  
  36  3:50  SCV  
  36  3:52  Medivac  
  39  3:57  Orbital Command  
  39  3:59  Refinery  
  39  4:02  Siege Tank  
  42  4:03  SCV  
  42  4:12  Marine x2  
  42  4:16  SCV  
  45  4:24  SCV  
  46  4:28  SCV  
  46  4:29  Starport Tech Lab  
  47  4:33  Marine x2  
  47  4:36  SCV  
  53  4:40  Supply Depot, SCV  
  53  4:44  Cyclone  
  54  4:48  Supply Depot, SCV  
  54  4:49  Raven  
  57  4:53  SCV  
  55  5:00  SCV  
  55  5:05  SCV  
  55  5:06  Marine x2  
  57  5:12  SCV  
  56  5:17  SCV  
  54  5:24  SCV, Siege Tank  
  58  5:29  SCV  
  59  5:36  SCV  
  59  5:41  SCV  
  61  5:43  Viking x2  
  61  5:48  SCV  
  61  5:49  Supply Depot  
  66  5:51  Marine  
  66  5:53  SCV  
  66  5:55  Combat Shield  
  68  5:58  Command Center  
  68  6:00  SCV  
  69  6:04  Siege Tank  
  69  6:05  SCV  
  69  6:08  Supply Depot  
  73  6:13  SCV  
  73  6:15  Supply Depot  
  73  6:17  SCV  
  75  6:18  Viking  
  75  6:22  Viking  
  75  6:25  SCV  
  80  6:30  SCV  
  80  6:31  Marine  
  82  6:37  SCV, Siege Tank  
  86  6:42  SCV, Refinery  
  87  6:49  SCV  
  87  6:54  Viking x2, SCV  
  93  7:00  Marine  
  94  7:02  SCV  
  94  7:04  Barracks x2  
  94  7:19  SCV, Siege Tank  
  98  7:24  Viking, Orbital Command  
  98  7:25  SCV  
  101  7:33  SCV  
  101  7:35  Viking  
  102  7:37  SCV  
  94  7:45  SCV  
  94  7:49  SCV, Marine  
  92  7:52  SCV  
  92  7:53  Viking, Stimpack  
  92  7:54  Marine x2  
  97  8:03  SCV  
  98  8:05  Viking  
  98  8:06  Engineering Bay, SCV x2  
  98  8:07  Marine  
  98  8:08  Engineering Bay  
  104  8:13  Barracks Reactor x2  
  104  8:15  SCV  
  104  8:16  Siege Tank  
  104  8:18  SCV x2  
  109  8:27  SCV  
  109  8:30  SCV x2  
  109  8:31  Barracks  
  109  8:32  Barracks, Marine  
  113  8:36  Medivac  
  113  8:39  Medivac  
  117  8:45  Supply Depot  
  117  8:47  Supply Depot  
  117  8:51  SCV  
  117  8:59  Terran Infantry Armor Level 1  
  117  9:06  Marine x4  
  117  9:07  Supply Depot, SCV, Siege Tank, Marine  
  117  9:08  Supply Depot, Terran Infantry Weapons Level 1  
  125  9:13  Refinery  
  125  9:18  Command Center  
  125  9:24  Marine x4  
  125  9:25  Medivac  
  125  9:26  Marine  
  125  9:28  Marine  
  125  9:29  Marine  
  130  9:32  SCV  
  128  9:41  SCV  
  128  9:42  Marine  
  130  9:47  Siege Tank  
  130  9:50  Marine  
  130  9:51  Barracks Reactor x2  
  134  9:54  Armory  
  134  9:56  SCV x2  
  134  9:58  Supply Depot  
  134  9:59  Viking  
  138  10:02  Marine x4  
  138  10:03  SCV  
  143  10:08  Marine  
  144  10:19  Siege Tank  
  144  10:20  Marine x2  
  149  10:27  Marine  
  148  10:29  Marine x4  
  148  10:31  Planetary Fortress  
  152  10:37  Viking  
  152  10:39  Factory  
  152  10:41  Command Center  
  154  10:44  SCV x2  
  156  10:50  Marine  
  156  10:51  Marine x2  
  156  10:53  Siege Tank  
  156  10:54  SCV  
  156  10:56  SCV  
  164  10:58  Supply Depot  
  164  10:59  Supply Depot  
  161  11:08  Viking x2  
  161  11:10  Marine  
  161  11:11  Marine x6  
  172  11:14  Terran Infantry Weapons Level 2  
  172  11:16  Supply Depot  
  172  11:19  Marine x2  
  173  11:33  Marine  
  174  11:44  Marine  
  171  11:48  Marine x6  
  171  11:53  Marine x2  
  171  11:54  Siege Tank  
  180  11:56  Factory Tech Lab  
  180  11:59  Barracks  
  180  12:01  Barracks  
  161  12:02  Barracks, Marine  
  161  12:06  Marine x5  
  161  12:07  Viking x2  
  158  12:10  Starport x2  
  146  12:19  Marine x3  
  140  12:27  Marine x5  
  139  12:32  Marine  
  139  12:34  Thor x2  
  139  12:37  Viking, Marine x3  
  144  12:45  Marine x5  
  144  12:48  Viking  
  144  12:50  Marine  
  139  12:54  Marine  
  139  12:55  Marine x5  
  136  13:00  Orbital Command  
  136  13:02  Missile Turret  
  136  13:03  Marine x4  
  136  13:04  SCV x4  
  144  13:07  Viking  
  144  13:08  Viking  
  148  13:14  Viking  
  148  13:16  SCV x2, Marine  
  148  13:17  Siege Tank, Marine x3  
  148  13:18  Viking  
  163  13:20  Missile Turret  
  163  13:21  SCV x2  
  166  13:34  Siege Tank  
  166  13:37  Terran Infantry Weapons Level 3  
  166  13:43  Terran Infantry Armor Level 2  
  160  13:53  Marine x10  
  171  13:55  Siege Tank  
  161  14:04  Viking x2  
  155  14:10  Marine  
  155  14:11  Marine x3  
  155  14:14  Terran Ship Weapons Level 1  
  159  14:20  SCV x5, Refinery  
  159  14:21  Refinery  
  159  14:22  Refinery, Marine  
  159  14:23  Refinery, Missile Turret  
  159  14:24  Command Center, Missile Turret  
  165  14:31  Marine x3  
  166  14:32  SCV, Sensor Tower  
  166  14:36  Missile Turret x2  
  169  14:40  Viking x2  
  169  14:41  SCV  
  169  14:42  SCV  
  171  14:48  Marine  
  171  14:49  Viking x2  
  171  14:50  SCV  
  177  14:55  SCV x3  
  177  14:56  Missile Turret  
  177  14:57  SCV  
  177  14:59  Missile Turret  
  181  15:04  SCV  
  182  15:07  SCV x3  
  185  15:16  Viking x2, Armory, Starport  
  189  15:22  Thor  
  195  15:33  Marine  
  195  15:34  Marine x4  
  200  15:36  Missile Turret  
  197  15:52  Marine x2  
  197  15:56  Starport Tech Lab x3  
  191  15:57  Marine  
  191  16:00  Marine  
  191  16:01  Marine x8  
  190  16:10  Marine x2  
  187  16:15  Marine  
  183  16:18  Marine  
  183  16:19  Marine x6  
  183  16:24  Raven x3  
  196  16:26  Terran Infantry Armor Level 3, Viking x2  
  196  16:31  Smart Servos  
  200  16:34  Orbital Command  
  200  16:36  Refinery, Hi-Sec Auto Tracking  
  200  16:37  Terran Ship Weapons Level 2  
  200  16:40  Terran Vehicle And Ship Armor Level 1  
  200  16:44  Command Center  
  200  16:47  Refinery  
  193  16:57  Command Center  
  193  17:00  Command Center  
  193  17:04  Command Center, Viking x2, Corvid Reactor  
  195  17:21  Viking  
  195  17:22  Viking x2  
  171  17:31  Marine  
  171  17:34  Viking x2  
  176  17:41  Thor, Command Center  
  176  17:42  Thor, Marine  
  176  17:43  Marine  
  190  17:51  Viking  
  190  17:52  Viking x2  
  196  18:02  Orbital Command  
  196  18:05  Viking x2  
  197  18:38  Marine x12  
  197  18:39  Thor  
  197  18:40  Viking x2  
  191  18:48  Viking x3  
  182  18:50  Thor  
  182  18:53  Factory  
  185  18:56  Marine x3  
  185  18:59  Marine  
  172  19:03  Marine  
  172  19:04  Marine x6  
  172  19:05  Marine  
  167  19:10  Viking x2  
  167  19:13  Marine  
  167  19:14  Marine x2  
  168  19:17  Marine  
  168  19:21  Marine x4  
  168  19:22  Marine x4  
Show
View Real Time Build Order
Export as new Build Order

SpeCial Terran 

Build Orders:  

Get SALT Encoding   

  12  0:00  SCV  
  13  0:12  SCV  
  14  0:17  Supply Depot  
  14  0:24  SCV  
  15  0:39  SCV  
  15  0:40  Barracks  
  16  0:43  Refinery  
  16  0:51  SCV  
  16  0:52  Refinery  
  17  1:03  SCV  
  18  1:15  SCV  
  19  1:28  Reaper, Orbital Command  
  20  1:33  Supply Depot  
  20  1:41  Factory  
  20  1:53  SCV  
  21  2:01  Reaper  
  21  2:05  SCV  
  23  2:18  SCV  
  24  2:29  Command Center  
  24  2:30  Hellion  
  24  2:34  Barracks Tech Lab  
  24  2:35  SCV  
  27  2:40  Supply Depot  
  27  2:47  SCV  
  27  2:49  Starport  
  28  2:59  SCV  
  28  3:02  Cyclone  
  28  3:04  Barracks Tech Lab  
  32  3:11  SCV  
  31  3:23  Refinery, SCV  
  32  3:34  Cyclone  
  33  3:38  SCV  
  33  3:40  Banshee, Marine  
  38  3:43  Orbital Command  
  38  3:50  SCV  
  39  3:58  Barracks Reactor  
  39  4:02  SCV  
  40  4:09  Widow Mine  
  41  4:11  SCV  
  41  4:14  SCV  
  43  4:23  Raven  
  45  4:25  Command Center  
  45  4:27  SCV  
  45  4:29  SCV  
  47  4:35  Supply Depot, Marine x2  
  49  4:41  Siege Tank  
  49  4:44  SCV  
  54  4:45  SCV  
  54  4:56  SCV, Marine x2  
  54  4:57  SCV  
  58  5:06  Raven  
  60  5:08  SCV  
  60  5:10  SCV  
  62  5:16  Refinery  
  62  5:17  Supply Depot  
  62  5:20  Siege Tank  
  62  5:30  Starport  
  62  5:31  Barracks Reactor  
  62  5:33  SCV x2  
  64  5:40  Engineering Bay, Orbital Command  
  64  5:43  Refinery  
  64  5:45  SCV x2  
  66  5:54  Siege Tank  
  69  5:57  SCV x2  
  69  5:59  Viking  
  69  6:00  Viking  
  75  6:08  Missile Turret  
  75  6:09  SCV x2  
  77  6:16  Viking x2  
  77  6:17  Missile Turret  
  77  6:18  SCV  
  81  6:21  SCV x2  
  83  6:30  SCV  
  83  6:32  Siege Tank  
  87  6:33  SCV x2  
  87  6:39  Supply Depot  
  89  6:42  SCV  
  89  6:45  Viking, SCV  
  93  6:52  Supply Depot, Viking  
  93  7:00  Viking x2, SCV x3  
  100  7:01  Supply Depot  
  100  7:02  Supply Depot  
  97  7:10  Siege Tank  
  97  7:12  SCV  
  97  7:15  Viking  
  101  7:19  SCV x2  
  100  7:24  Viking  
  100  7:26  SCV  
  103  7:30  Viking x2  
  103  7:31  SCV  
  105  7:44  Viking  
  105  7:48  SCV x2  
  107  7:53  Siege Tank  
  107  7:54  Liberator  
  113  7:59  SCV  
  113  8:00  SCV x2  
  112  8:09  Viking x2  
  112  8:10  Command Center  
  112  8:11  SCV  
  112  8:12  SCV  
  118  8:13  SCV  
  118  8:14  Viking  
  118  8:15  Barracks  
  121  8:24  SCV x2  
  121  8:25  SCV  
  124  8:31  Fusion Core  
  124  8:32  Starport  
  124  8:36  SCV  
  124  8:40  Missile Turret  
  125  8:48  Supply Depot  
  125  8:59  SCV x3, Siege Tank  
  129  9:05  Supply Depot  
  129  9:07  Supply Depot, Raven  
  129  9:09  Starport Tech Lab  
  130  9:10  Viking  
  130  9:11  SCV x2  
  130  9:14  Refinery  
  130  9:16  Missile Turret  
  134  9:18  Refinery  
  134  9:26  SCV x2  
  134  9:28  Missile Turret  
  136  9:44  SCV x3  
  136  9:45  Planetary Fortress  
  139  9:51  Siege Tank  
  139  9:55  Sensor Tower  
  139  9:58  Supply Depot  
  139  10:05  Battlecruiser  
  139  10:06  Battlecruiser  
  151  10:08  Viking  
  153  10:20  Armory  
  153  10:26  SCV x2  
  155  10:29  Viking  
  155  10:33  Sensor Tower  
  157  10:36  Siege Tank  
  157  10:40  Command Center  
  157  10:41  Viking, Missile Turret  
  162  10:48  Missile Turret  
  162  10:49  Factory  
  162  10:51  Sensor Tower  
  162  10:59  Viking  
  164  11:07  Armory  
  164  11:08  Missile Turret, Weapon Refit  
  164  11:09  Terran Ship Weapons Level 1  
  164  11:10  Missile Turret  
  164  11:11  Missile Turret  
  164  11:19  Siege Tank  
  164  11:22  Command Center  
  159  11:44  Missile Turret  
  159  11:45  Battlecruiser  
  161  11:49  Viking  
  161  11:51  Viking  
  165  11:57  Battlecruiser  
  162  12:03  SCV  
  161  12:13  Siege Tank  
  161  12:14  SCV x2  
  161  12:15  SCV  
  161  12:19  Viking  
  159  12:23  Viking  
  159  12:26  SCV x2  
  158  12:36  SCV  
  159  12:38  SCV  
  160  12:49  Battlecruiser  
  146  12:53  Viking x2  
  144  13:00  SCV x3  
  144  13:02  Viking  
  146  13:08  Command Center  
  146  13:09  Command Center  
  146  13:12  SCV  
  147  13:14  Factory Tech Lab, Siege Tank  
  147  13:19  Refinery, Terran Ship Weapons Level 2  
  150  13:20  Terran Vehicle And Ship Armor Level 1  
  150  13:23  Viking x2  
  150  13:25  Missile Turret  
  154  13:27  Starport  
  154  13:28  Refinery, Starport  
  154  13:31  Viking  
  156  13:43  Sensor Tower  
  156  13:53  SCV x2  
  152  13:59  Viking x2  
  151  14:03  Battlecruiser  
  151  14:05  SCV x3  
  156  14:10  Planetary Fortress  
  156  14:13  Viking x2, Starport Tech Lab  
  160  14:21  Sensor Tower  
  160  14:27  Orbital Command x2  
  160  14:32  SCV x3  
  161  14:39  Viking x2  
  161  14:43  Siege Tank  
  168  14:54  Siege Tank  
  171  15:02  Viking x3  
  171  15:03  Raven  
  179  15:15  Siege Tank  
  179  15:17  Missile Turret  
  179  15:20  Missile Turret  
  182  15:22  Command Center  
  182  15:32  Viking  
  182  15:33  Viking  
  186  15:36  Command Center  
  186  15:40  Siege Tank  
  189  15:49  Viking x2  
  183  15:51  Viking  
  183  15:53  Viking x2  
  162  16:02  Viking  
  162  16:03  Viking  
  161  16:07  Orbital Command  
  149  16:19  Viking  
  149  16:22  Missile Turret  
  149  16:24  Viking, Missile Turret  
  149  16:25  Viking x3, SCV x2  
  153  16:26  Missile Turret, Orbital Command  
  150  16:35  Viking x2  
  153  16:43  SCV x2  
  153  16:46  Missile Turret  
  155  16:49  Viking  
  155  16:53  Terran Ship Weapons Level 3  
  157  16:54  Viking x2  
  157  16:55  Viking  
  157  16:59  Siege Tank  
  166  17:06  SCV x4  
  151  17:23  Viking  
  151  17:24  Viking  
  151  17:25  Siege Tank  
  154  17:32  Orbital Command  
  154  17:45  SCV x3  
  154  17:50  Battlecruiser  
  163  17:57  SCV x2  
  165  18:04  Refinery  
  165  18:06  SCV  
  165  18:08  Command Center  
  165  18:09  Missile Turret x2  
  167  18:14  Missile Turret  
  167  18:15  Siege Tank  
  167  18:17  Orbital Command  
  169  18:27  Siege Tank  
  172  18:41  Viking x2  
  159  18:47  SCV x2  
  147  18:55  Viking  
  130  19:05  Viking  
  119  19:10  SCV x2  
  119  19:11  Viking  
  119  19:12  SCV  
  119  19:16  Refinery  
  124  19:18  Missile Turret  
  124  19:22  Missile Turret x2  
  118  19:24  SCV  
Tags
 
Add a new tag
Caveats
  • Supply blocks, unpowered buildings, or Contaminate may cause inaccurate times.
  • Supply counts are checked every 10 seconds.